 Dungeon Sprint DCSS version 0.27.1 (webtiles) character file.

Game seed: 13109839732493272557

5318 styxcanada the Imperceptible (level 10, 0/55 HPs)
             Began as a Spriggan Brigand on Aug 22, 2021.
             Was an Initiate of Gozag.
             Slain by a hornet (13 damage)
             ... in the Dungeon (Sprint IV: "Fedhas' Mad Dash").
             The game lasted 00:09:32 (989 turns).

styxcanada the Imperceptible (Spriggan Brigand)      Turns: 989, Time: 00:09:32

Health: 0/55       AC:  5    Str:  7    XL:     10   Next: 38%
Magic:  11/11      EV: 25    Int: 14    God:    Gozag
Gold:   1602       SH:  8    Dex: 19    Spells: 9/9 levels left

rFire    + . .     SeeInvis +   a - +2 dagger (venom)
rCold    + . .     Faith    .   o - +0 buckler
rNeg     . . .     Spirit   .   m - +2 robe {rC+ rF+}
rPois    .         Reflect  .   (helmet restricted)
rElec    .         Harm     .   c - +0 cloak
rCorr    .         Rampage  .   (gloves unavailable)
Will     +....     NoTele   +   (boots unavailable)
Stlth    +++++++++.             l - amulet of invisibility {+Inv}
HPRegen  0.18/turn              (no ring)
MPRegen  0.12/turn              (no ring)

@: gold aura, very slightly contaminated, very quick
A: very small, no large weapons, unfitting armour, see invisible, speed 3
a: Renounce Religion, Evoke Invisibility, Potion Petition, Call Merchant, Bribe
Branch


You were in the Dungeon.
You worshipped Gozag.
Gozag was most pleased with you.
You visited 1 branch You collected 2120 gold pieces.
You spent 518 gold pieces at shops.

Inventory:

Hand Weapons
 a - a +2 dagger of venom (weapon)
 r - the +2 Maxwell's thermic engine {flame, freeze}
   (You found it in the Dungeon)

   It burns those it strikes, dealing additional fire damage.
   Big, fiery blades are also staple armaments of hydra-hunters.
   It freezes those it strikes, dealing additional cold damage.
   It can also slow down cold-blooded creatures.
   It becomes more effective when it hits something.
   This effect fades over time.
Missiles
 d - 4 poisoned darts (quivered)
 p - 35 stones
 s - 24 sling bullets
Armour
 c - a +0 cloak (worn)
 m - a +2 robe of resistance (worn)
 o - a +0 buckler (worn)
Jewellery
 l - the amulet of invisibility (around neck) {+Inv}
   (You found it in the Dungeon)

   [amulet of nothing]

   +Inv:      It lets you turn invisible.
Scrolls
 b - 4 scrolls of identify
 k - a scroll of blinking
Potions
 f - a potion of curing
 g - 3 potions of heal wounds
 h - a potion of haste
 i - 2 potions of magic
 j - a potion of berserk rage
 n - 2 potions of flight
 q - a potion of might


   Skills:
 * Level 7.0 Fighting
 + Level 5.2 Short Blades
 + Level 4.9 Throwing
 * Level 10.7 Dodging
 * Level 24.1 Stealth
 * Level 5.1 Shields
 * Level 12.2 Evocations


You had 9 spell levels left.
You didn't know any spells.
Your spell library contained the following spells:

 Spells                   Type           Power      Damage    Failure   Level
 Dazzling Flash           Conj/Hex       0%         N/A       69%         3
 Agony                    Necr           0%         N/A       100%        5
 Silence                  Hex/Air        0%         N/A       100%        5


Dungeon Overview and Level Annotations

Branches:
Dungeon (1/1)

Altars:
Cheibriados
Dithmenos
Elyvilon
Gozag
Hepliaklqana
Kikubaaqudgha
Makhleb
Nemelex Xobeh
Okawaru
Qazlal
Ru
Sif Muna
Trog
Uskayaw
Vehumet
Wu Jian
Xom
Yredelemnul
Zin
The Shining One
Beogh
Jiyva
Lugonu

Shops:
D ?(!(!(


Innate Abilities, Weirdness & Mutations

You are very small and have problems with some larger weapons.
You are too small for most types of armour.
You have supernaturally acute eyesight. (SInv)
You cover ground extremely quickly. (Speed+++)


Message History

Aim: a spriggan rider, wielding a +0 spear, wearing a +0 buckler and quivering curare-tipped darts (42% to hit)
You throw a poisoned dart.
The poisoned dart misses the spriggan rider.
The poisoned dart misses the spriggan.
The spriggan rider hits you from afar with a +0 spear!!
The spriggan rider completely misses you.
The spriggan barely misses you.
You hit the spriggan rider.
The spriggan rider is poisoned.
The spriggan rider is lightly wounded.
You hit the spriggan rider.
The spriggan rider looks even sicker.
The spriggan rider is lightly wounded.
You kill the spriggan!
The spriggan rider hits you with a +0 spear!!
* * * LOW HITPOINT WARNING * * *
Unknown command.
The spriggan rider throws a curare-tipped dart.
You block the curare-tipped dart.
You flicker for a moment.
There is an open door here.
You aren't carrying any items that you can evoke.
Throw: 6 darts (poison)
Press: ? - help, Q - select action, (/) - cycle Shift-Dir - straight line, f/p - spriggan rider
Aim: a spriggan rider, wielding a +0 spear, wearing a +0 buckler and quivering curare-tipped darts (heavily wounded, very poisoned, 42% to hit)
You throw a poisoned dart.
The spriggan rider blocks the poisoned dart.
The spriggan rider throws a curare-tipped dart.
The curare-tipped dart misses you.
There is an open door here.
Throw: 5 darts (poison)
Press: ? - help, Q - select action, (/) - cycle Shift-Dir - straight line, f/p - spriggan rider
Aim: a spriggan rider, wielding a +0 spear, wearing a +0 buckler and quivering curare-tipped darts (heavily wounded, very poisoned, 42% to hit)
You throw a poisoned dart.
The poisoned dart misses the spriggan rider.
You flicker back into view.
The spriggan rider is distracted by your dazzling golden aura.
There is an open door here.
You start resting.
You feel a bit more experienced. The hornet stings you!
You die...
Your body crumbles into a pile of gold.

...#.⌠._._._._.⌠.#..'...#....##∩#
...')._._._._._..'..#...#....'.|#
...#..._._._._...#..###'##..)##∩#
#'##.._._._._._..#..##∩∩.'...####
...#._._._._._.⌠.################
...###################....$.###..
####♣♣♣♣♣..♣.###.'..'..((..)(('(.
..'......♣..♣##y.#..#.P.....#####
..#♣..♣♣♣.♣).###@##+##.P....#
..#.♣♣..♣...♣'...# ######## ####
#############


You could see a hornet (very poisoned).

Vanquished Creatures
  A spriggan druid (D)
  6 oklob plants (D)
  A demonic crawler (D)
  3 burning bushes (D)
  3 wandering mushrooms (D)
  A queen bee (D)
  3 scorpions (D)
  4 killer bees (D)
  5 oklob saplings (D)
  5 spriggans (D)
  A river rat (D)
  A rat (D)
  A ballistomycete spore (D)
35 creatures vanquished.

Notes
Turn   | Place    | Note
-------+----------+-------------------------------------------
     0 | D        | styxcanada the Spriggan Brigand began the quest for the
                  | Orb.
     0 | D        | Reached XP level 1. HP: 10/10 MP: 2/2
     9 | D        | Reached skill level 8 in Stealth
     9 | D        | Reached XP level 2. HP: 15/15 MP: 3/3
    12 | D        | Noticed an oklob sapling
    14 | D        | Killed an oklob sapling
    15 | D        | Reached skill level 10 in Stealth
    15 | D        | Reached XP level 3. HP: 19/19 MP: 4/4
    16 | D        | Noticed a scorpion
    16 | D        | Found the amulet of invisibility {+Inv}
    18 | D        | Killed a scorpion
    19 | D        | Reached skill level 12 in Stealth
    19 | D        | Reached XP level 4. HP: 23/23 MP: 5/5
    40 | D        | Found an opulent altar of Gozag.
    40 | D        | Found a hazy altar of Hepliaklqana.
    40 | D        | Found a burning altar of Makhleb.
    40 | D        | Found a sparkling altar of Nemelex Xobeh.
    40 | D        | Found a snail-covered altar of Cheibriados.
    40 | D        | Found a sacrificial altar of Ru.
    40 | D        | Found a shimmering blue altar of Sif Muna.
    40 | D        | Found a shimmering altar of Xom.
    40 | D        | Found a basalt altar of Yredelemnul.
    41 | D        | Found a viscous altar of Jiyva.
    41 | D        | Found a bloodstained altar of Trog.
    41 | D        | Found an ornate altar of the Wu Jian Council.
    42 | D        | Found an iron altar of Okawaru.
    42 | D        | Found a shadowy altar of Dithmenos.
    42 | D        | Found a glowing silver altar of Zin.
    43 | D        | Found an ancient bone altar of Kikubaaqudgha.
    43 | D        | Found a hide-covered altar of Uskayaw.
    44 | D        | Found a stormy altar of Qazlal.
    44 | D        | Found a white marble altar of Elyvilon.
    44 | D        | Found a glowing golden altar of the Shining One.
    45 | D        | Became a worshipper of Gozag Ym Sagoz the Greedy
    46 | D        | Found a corrupted altar of Lugonu.
    46 | D        | Found a radiant altar of Vehumet.
    50 | D        | Reached skill level 13 in Stealth
    50 | D        | Reached skill level 1 in Evocations
    50 | D        | Reached XP level 5. HP: 28/28 MP: 3/6
    99 | D        | Reached skill level 14 in Stealth
   125 | D        | Reached skill level 5 in Dodging
   134 | D        | Reached skill level 15 in Stealth
   138 | D        | Reached XP level 6. HP: 18/33 MP: 7/7
   313 | D        | Found Zotses's Weapon Shop.
   313 | D        | Found Ufriotav's Magic Scroll Emporium.
   319 | D        | Bought a scroll of identify for 28 gold pieces
   319 | D        | Bought a scroll of identify for 28 gold pieces
   323 | D        | Bought a scroll of brand weapon for 280 gold pieces
   327 | D        | Noticed a burning bush
   327 | D        | Noticed a wandering mushroom
   328 | D        | Noticed a wandering mushroom
   332 | D        | Killed a wandering mushroom
   333 | D        | Reached skill level 17 in Stealth
   333 | D        | Reached skill level 1 in Shields
   333 | D        | Killed a wandering mushroom
   334 | D        | Reached skill level 18 in Stealth
   334 | D        | Reached skill level 5 in Evocations
   334 | D        | Reached XP level 7. HP: 35/38 MP: 6/8
   349 | D        | Killed a burning bush
   350 | D        | Reached skill level 5 in Fighting
   350 | D        | Reached skill level 19 in Stealth
   350 | D        | Reached XP level 8. HP: 41/43 MP: 9/9
   364 | D        | Found Poett's Weapon Emporium.
   364 | D        | Found Ketohiniogo's Distillery.
   369 | D        | Bought a potion of might for 52 gold pieces
   369 | D        | Bought 2 potions of heal wounds for 130 gold pieces
   415 | D        | Noticed a queen bee
   422 | D        | Killed a queen bee
   424 | D        | Reached skill level 20 in Stealth
   482 | D        | Noticed an oklob plant
   485 | D        | Killed an oklob plant
   499 | D        | Noticed a burning bush
   502 | D        | Killed a burning bush
   503 | D        | Reached skill level 21 in Stealth
   503 | D        | Reached XP level 9. HP: 48/48 MP: 8/10
   538 | D        | Noticed a burning bush
   538 | D        | Noticed an oklob plant
   539 | D        | Noticed a wandering mushroom
   539 | D        | Found the +2 Maxwell's thermic engine {flame, freeze}
   579 | D        | Killed a wandering mushroom
   584 | D        | Killed a burning bush
   659 | D        | Killed an oklob plant
   660 | D        | Reached skill level 22 in Stealth
   732 | D        | Noticed a spriggan druid
   734 | D        | Killed a spriggan druid
   735 | D        | Reached skill level 10 in Evocations
   786 | D        | Noticed an oklob plant conjurer
   787 | D        | Killed an oklob plant conjurer
   788 | D        | Reached skill level 10 in Dodging
   788 | D        | Reached skill level 23 in Stealth
   866 | D        | Noticed an oklob plant
   866 | D        | Noticed an oklob plant summoner
   867 | D        | Noticed an oklob plant shifter
   871 | D        | Killed an oklob plant
   872 | D        | Reached skill level 5 in Short Blades
   872 | D        | Reached XP level 10. HP: 53/53 MP: 8/11
   873 | D        | Killed an oklob plant summoner
   876 | D        | Killed an oklob plant shifter
   945 | D        | Reached skill level 5 in Shields
   947 | D        | Noticed a spriggan rider
   948 | D        | Found Kashefomp's Distillery.
   952 | D        | Reached skill level 24 in Stealth
   952 | D        | Found Okuat's Antique Weapon Shoppe.
   989 | D        | Slain by a hornet

Illustrated notes

Levels and vault maps discovered:
D:        dungeon_sprint_fedhas [sprint_temple]

Skill      XL: |  1  2  3  4  5  6  7  8  9 10 |
---------------+-------------------------------+-----
Fighting       | 2 3 4 5 6 7 |  7.0
Dodging        | 2 3 4 5 7 8 10 | 10.7
Stealth        | 8 10 12 13 15 18 19 21 23 24 | 24.1
Short Blades   | 3 4 5 |  5.2
Evocations     | 1 3 5 6 8 11 12 | 12.2
Throwing       | 3 4 |  4.9
Shields        | 2 3 4 5 |  5.1

Action                   |  1- 3 |  4- 6 |  7- 9 | 10-12 || total
-------------------------+-------+-------+-------+-------++-------
Melee: Dagger            |     4 |     6 |    66 |     8 ||    84
Throw: Dart              |       |     9 |       |     6 ||    15
 Abil: Evoke Invisibilit |       |     3 |     8 |     1 ||    12
  Use: Scroll            |       |     2 |       |       ||     2
 Stab: Sleeping          |     4 |     4 |    14 |     3 ||    25
       Distracted        |       |       |     2 |       ||     2
       Invisible         |       |       |     3 |     1 ||     4
Dodge: Dodged            |       |     6 |    10 |     8 ||    24
Block: Buckler           |       |     1 |       |     3 ||     4
